Map: Fields of Death

Players

PengWin

  • Race: Zerg Zerg
  • League: Master
  • Spawn Location: 12:00

True - Winner!

  • Race: Zerg Zerg
  • League: Grandmaster
  • Spawn Location: 7:00

CranK - Winner!

  • Race: Protoss Protoss
  • Spawn Location: 6:00

Smile

  • Race: Terran Terran
  • Spawn Location: 12:00

VOD

Have the link to the VOD?

Description

Time

  • Played on: Aug. 23, 2016, 12:36 p.m.
  • Length: 17:34
Show
View Real Time Build Order
Export as new Build Order

PengWin Zerg 

Build Orders: 3 Hatch before Pool 

Get SALT Encoding   

  12  0:01  Drone  
  13  0:13  Overlord  
  13  0:18  Drone  
  14  0:33  Drone x2  
  16  0:37  Drone  
  17  0:52  Hatchery  
  16  0:57  Drone  
  16  0:58  Drone  
  18  1:22  Hatchery  
  18  1:24  Drone x2  
  19  1:29  Extractor  
  18  1:40  Spawning Pool  
  18  1:42  Drone  
  18  1:45  Drone  
  19  1:53  Drone  
  20  2:03  Drone  
  20  2:05  Drone  
  22  2:21  Overlord  
  22  2:27  Queen x2  
  26  2:30  Metabolic Boost  
  26  2:36  Queen  
  28  2:40  Zergling x2  
  28  2:42  Zergling x2  
  31  2:44  Zergling x2  
  31  2:52  Drone x3  
  31  2:55  Drone  
  31  2:58  Drone  
  36  3:00  Drone  
  37  3:14  Overlord  
  37  3:18  Zergling x2  
  37  3:19  Zergling x8  
  42  3:30  Evolution Chamber  
  42  3:32  Baneling Nest  
  42  3:33  Drone  
  42  3:34  Drone  
  42  3:55  Drone x3  
  45  3:56  Zergling x10  
  45  3:57  Overlord x2  
  45  4:02  Zerg Melee Weapons Level 1  
  50  4:28  Drone x6  
  50  4:29  Zergling x14  
  63  4:35  Baneling  
  63  4:36  Baneling x5  
  63  4:43  Zergling x6  
  63  4:45  Overlord  
  66  4:47  Overlord  
  62  5:22  Lair  
  62  5:23  Extractor  
  62  5:24  Extractor  
  62  5:25  Drone  
  62  5:26  Extractor, Drone  
  62  5:27  Drone x5  
  66  5:29  Drone  
  67  5:41  Zergling x14  
  73  5:42  Overlord  
  73  5:43  Overlord x4  
  73  5:52  Overlord x3  
  73  5:53  Overlord x2  
  73  6:21  Zerg Melee Weapons Level 2  
  73  6:23  Infestation Pit  
  70  6:28  Drone x15  
  74  6:32  Zergling x2  
  74  6:33  Zergling x4  
  76  6:55  Zergling x24  
  76  6:56  Extractor  
  76  6:57  Extractor  
  76  6:58  Hatchery  
  80  7:31  Zergling x12  
  80  7:32  Zergling x14  
  89  7:40  Pathogen Glands  
  89  7:41  Burrow  
  81  7:46  Spore Crawler  
  81  7:49  Baneling x2  
  81  7:50  Baneling  
  65  8:11  Drone  
  65  8:12  Drone x6  
  72  8:21  Infestor x4  
  72  8:25  Hive  
  78  8:28  Drone x4  
  82  8:40  Baneling x2  
  82  8:41  Baneling  
  80  8:47  Drone x7  
  80  8:48  Queen, Drone x2  
  89  8:54  Baneling x2  
  89  8:55  Baneling  
  89  9:35  Zergling x40  
  98  9:59  Zergling x12  
  88  10:03  Zerg Ground Armor Level 1, Adrenal Glands  
  88  10:04  Ultralisk Cavern  
  54  10:36  Hatchery  
  53  10:49  Overseer  
  53  10:54  Chitinous Plating  
  53  10:57  Ultralisk x4  
  53  10:58  Ultralisk  
  83  11:10  Ultralisk x2  
  95  11:11  Ultralisk  
  95  11:17  Zergling x12  
  95  11:18  Zergling x2  
  108  11:36  Zergling x14  
  88  12:12  Ultralisk x3  
  83  12:22  Zergling x18  
  68  12:30  Overseer  
  62  12:43  Zergling x2  
  62  12:44  Zergling x8  
  59  13:09  Infestor x2  
  63  13:13  Infestor  
  63  13:18  Infestor  
  67  13:24  Infestor, Hatchery  
  68  13:33  Overseer  
  62  14:04  Zergling x2  
  62  14:05  Zergling x10  
  68  14:12  Drone  
  68  14:15  Drone  
  67  14:35  Queen  
  69  14:39  Zergling x4  
  38  15:29  Ultralisk x3  
  56  15:38  Drone  
  56  15:39  Drone x2  
  59  15:44  Drone  
  59  15:45  Drone x4  
  64  15:57  Zergling x8  
  68  16:05  Zergling x8  
Show
View Real Time Build Order
Export as new Build Order

True Zerg - Winner!

Build Orders: 3 Hatch before Pool, Roach Nydus 

Get SALT Encoding   

  12  0:02  Drone  
  13  0:14  Overlord  
  13  0:17  Drone  
  14  0:34  Drone x2  
  16  0:44  Drone  
  17  0:53  Hatchery  
  16  0:58  Drone  
  16  1:00  Drone  
  18  1:20  Hatchery  
  18  1:24  Drone  
  18  1:37  Spawning Pool  
  18  1:39  Extractor  
  16  1:41  Drone  
  16  1:45  Drone  
  18  1:49  Drone  
  18  1:52  Drone  
  20  2:03  Drone  
  20  2:05  Drone  
  22  2:14  Drone  
  23  2:16  Drone  
  24  2:24  Queen x2  
  28  2:32  Drone x2  
  30  2:39  Overlord  
  30  2:41  Drone x2  
  32  2:49  Pneumatized Carapace  
  32  2:51  Drone x2  
  34  2:56  Overlord  
  34  2:57  Drone  
  35  2:59  Drone  
  35  3:01  Drone  
  37  3:07  Queen  
  37  3:11  Overlord  
  39  3:13  Drone  
  39  3:16  Drone  
  39  3:17  Drone  
  42  3:21  Overlord  
  42  3:26  Metabolic Boost  
  42  3:29  Drone x2  
  42  3:30  Drone  
  42  3:32  Drone  
  46  3:38  Overlord  
  46  3:39  Drone x2  
  46  3:41  Drone  
  49  3:45  Drone x2  
  50  3:52  Roach Warren  
  50  3:53  Drone x3  
  52  3:55  Extractor  
  52  3:56  Drone  
  52  3:57  Drone  
  52  3:59  Extractor  
  52  4:00  Drone  
  53  4:02  Overlord  
  53  4:04  Drone  
  53  4:05  Drone  
  53  4:08  Drone  
  56  4:14  Overlord  
  56  4:16  Spore Crawler  
  55  4:30  Lair  
  55  4:32  Drone x4, Evolution Chamber  
  55  4:33  Roach x2  
  55  4:34  Roach x2  
  55  4:35  Roach  
  68  4:39  Roach  
  68  4:42  Roach  
  72  4:45  Overlord  
  72  4:46  Roach  
  72  4:48  Roach  
  72  4:50  Roach  
  78  4:53  Roach, Overlord  
  78  4:56  Overlord  
  78  4:58  Drone  
  78  4:59  Drone x2  
  76  5:01  Drone  
  76  5:02  Drone  
  76  5:03  Drone  
  79  5:11  Zerg Missile Weapons Level 1  
  79  5:13  Drone x4  
  83  5:14  Drone  
  83  5:21  Drone x4  
  88  5:22  Extractor  
  87  5:35  Drone  
  87  5:36  Extractor, Drone x5  
  87  5:38  Overlord  
  87  5:42  Overlord  
  92  5:52  Nydus Network  
  92  5:53  Roach x3  
  92  5:54  Overlord  
  92  5:55  Overlord  
  92  5:56  Roach x2  
  92  5:57  Roach x2  
  105  6:00  Glial Reconstitution  
  105  6:01  Overlord  
  105  6:13  Hatchery  
  105  6:15  Roach x4  
  105  6:18  Overseer  
  112  6:20  Roach x2  
  112  6:21  Roach  
  112  6:23  Roach  
  112  6:24  Roach  
  122  6:27  Roach  
  122  6:29  Roach  
  122  6:30  Roach  
  122  6:32  Roach  
  130  6:34  Roach  
  130  6:35  Roach  
  130  6:37  Roach  
  136  6:42  Overlord  
  136  6:43  Roach  
  136  6:44  Overlord  
  136  6:45  Overlord  
  138  7:03  Nydus Canal  
  138  7:04  Roach  
  138  7:05  Roach x8  
  138  7:07  Roach  
  138  7:08  Roach  
  160  7:18  Nydus Canal  
  160  7:21  Roach  
  160  7:23  Roach x3  
  160  7:24  Roach  
  160  7:25  Roach x2  
  160  7:26  Roach  
  168  7:32  Overlord  
  168  7:38  Overlord, Nydus Canal  
  168  7:39  Roach  
  168  7:40  Roach  
  168  7:41  Roach  
  168  7:42  Roach x2  
  160  7:45  Drone x2  
  160  7:46  Queen  
  160  7:47  Overlord  
  160  7:50  Roach  
  166  7:57  Roach, Nydus Canal  
  166  7:58  Roach x2  
  172  7:59  Roach  
  172  8:01  Roach  
  172  8:02  Drone x2  
  172  8:04  Roach  
  172  8:05  Roach  
  172  8:07  Roach  
  172  8:09  Roach  
  172  8:10  Roach  
  166  8:22  Nydus Canal  
  166  8:26  Roach x2, Overlord  
  166  8:27  Roach x2  
  166  8:28  Roach x2  
  166  8:31  Drone x2  
  166  8:32  Overlord  
  166  8:33  Extractor  
  175  8:34  Overlord  
  175  8:44  Nydus Canal  
  175  8:45  Roach x3, Overlord  
  175  8:46  Roach  
  183  8:51  Drone  
  183  8:52  Drone  
  183  8:54  Burrow  
  185  9:03  Nydus Canal  
  185  9:08  Extractor, Drone x4  
  188  9:10  Roach  
  188  9:11  Roach x5  
  200  9:18  Zerg Missile Weapons Level 2  
  200  9:23  Spore Crawler, Spine Crawler  
  200  9:24  Roach  
  200  9:42  Roach x2  
  200  9:44  Roach  
  199  9:46  Roach  
  199  9:47  Roach  
  199  9:49  Roach  
  199  10:00  Tunneling Claws, Overlord  
  199  10:08  Roach x31  
  175  10:28  Roach  
  175  10:29  Roach x12  
  175  10:30  Roach x39, Hatchery  
  175  10:32  Roach  
  200  10:40  Overlord, Infestation Pit  
  199  10:42  Overlord  
  199  10:45  Overlord  
  183  10:54  Roach x11  
  183  10:55  Roach x3  
  183  10:56  Roach x5  
  199  10:59  Roach  
  199  11:25  Pathogen Glands  
  199  11:27  Spore Crawler x2  
  199  11:30  Spore Crawler x4  
  199  11:31  Spore Crawler x2  
  199  11:32  Spore Crawler  
  190  11:35  Ravager x11, Spore Crawler  
  210  11:40  Hatchery  
  136  12:17  Roach x11  
  136  12:20  Roach x6  
  136  12:21  Roach x17  
  174  12:25  Roach  
  154  12:32  Roach  
  154  12:33  Roach x4  
  154  12:34  Roach x4  
  150  12:37  Roach  
  150  12:42  Roach x2  
  152  12:48  Roach  
  147  12:56  Roach x2  
  147  12:57  Roach  
  134  13:02  Infestor  
  134  13:04  Infestor  
  138  13:07  Roach x3  
  138  13:09  Infestor  
  140  13:19  Ravager x6  
  146  13:20  Roach  
  146  13:21  Roach x2  
  146  13:23  Queen  
  146  13:25  Roach  
  156  13:29  Roach x3  
  156  13:31  Hatchery  
  156  13:32  Hatchery  
  154  13:35  Roach  
  154  13:40  Roach x2  
  154  13:41  Roach x6  
  172  13:47  Roach  
  172  13:48  Roach x2  
  172  13:56  Roach  
  172  13:58  Roach  
  172  13:59  Roach  
  172  14:04  Roach x6  
  172  14:07  Ravager x2  
  176  14:17  Roach  
  176  14:18  Roach  
  176  14:19  Roach x2  
  176  14:21  Roach  
  186  14:25  Roach  
  192  14:31  Ravager x4  
  192  14:33  Roach  
  192  14:36  Roach  
  196  14:45  Drone  
  193  14:50  Roach x5  
  193  14:51  Roach x2  
  141  14:58  Roach x2  
  94  15:00  Roach  
  96  15:07  Roach x2  
  96  15:08  Roach  
  96  15:12  Roach  
  102  15:17  Roach  
  104  15:42  Ravager  
  105  15:43  Ravager x3, Roach x4  
  105  15:44  Roach x9  
  136  15:50  Roach x2  
  136  15:53  Roach  
  136  15:55  Roach  
  136  15:56  Roach  
  144  15:59  Roach  
  144  16:01  Roach  
  144  16:03  Roach  
  150  16:05  Roach  
  150  16:06  Drone x12  
  150  16:07  Roach  
  150  16:10  Roach  
  152  16:12  Roach  
  152  16:16  Roach  
Show
View Real Time Build Order
Export as new Build Order

CranK Protoss - Winner!

Build Orders:  

Get SALT Encoding   

  12  0:01  Probe (Chrono Boost)  
  13  0:12  Probe (Chrono Boost)  
  14  0:19  Pylon  
  14  0:22  Probe (Chrono Boost)  
  15  0:37  Probe (Chrono Boost)  
  15  0:41  Gateway  
  16  0:47  Probe (Chrono Boost)  
  17  0:52  Assimilator  
  17  0:57  Assimilator  
  17  0:58  Probe (Chrono Boost)  
  18  1:09  Probe (Chrono Boost)  
  19  1:15  Gateway  
  19  1:19  Probe (Chrono Boost)  
  20  1:30  Probe (Chrono Boost)  
  20  1:32  Cybernetics Core  
  21  1:42  Probe (Chrono Boost)  
  22  1:48  Pylon  
  22  1:55  Probe (Chrono Boost)  
  23  2:08  Probe (Chrono Boost)  
  24  2:10  Stalker (Chrono Boost)  
  25  2:17  Twilight Council  
  25  2:20  Probe  
  26  2:26  Pylon  
  26  2:33  Warp Gate (Chrono Boost)  
  26  2:40  Adept  
  26  2:42  Probe (Chrono Boost)  
  29  2:48  Pylon  
  28  2:54  Resonating Glaives (Chrono Boost)  
  28  3:05  Probe  
  29  3:17  Probe  
  30  3:22  Gateway  
  30  3:25  Gateway  
  30  3:33  Robotics Facility  
  30  3:36  Mothership Core  
  32  4:04  Pylon  
  32  4:13  Pylon  
  32  4:21  Warp Prism (Chrono Boost)  
  34  4:31  Adept x4  
  42  4:56  Adept x4  
  50  5:09  Pylon  
  50  5:10  Pylon  
  50  5:15  Observer (Chrono Boost)  
  51  5:33  Probe  
  52  5:45  Probe  
  52  5:48  Nexus  
  52  5:49  Pylon  
  53  5:50  Dark Shrine  
  53  5:57  Probe  
  53  6:00  Observer (Chrono Boost)  
  55  6:14  Adept x2  
  55  6:15  Adept x2  
  55  6:18  Probe  
  58  6:36  Probe  
  55  6:48  Probe  
  56  7:00  Probe  
  57  7:03  Probe  
  57  7:07  Pylon  
  58  7:13  Probe  
  58  7:15  Probe  
  60  7:25  Probe, Gateway  
  60  7:27  Dark Templar x4, Gateway  
  69  7:37  Probe  
  69  7:38  Probe  
  69  7:42  Assimilator x2  
  65  7:52  Probe  
  65  7:54  Probe  
  65  8:10  Probe  
  65  8:11  Probe  
  63  8:25  Probe  
  61  8:27  Probe  
  61  8:28  Robotics Facility  
  61  8:30  Robotics Bay  
  63  8:35  Dark Templar x4  
  63  8:40  Probe  
  71  8:41  Probe  
  73  8:57  Probe  
  73  8:58  Probe  
  73  9:00  Nexus  
  73  9:02  Pylon  
  75  9:05  Pylon  
  75  9:10  Probe  
  76  9:35  Blink (Chrono Boost)  
  74  9:43  Colossus x2 (Chrono Boost)  
  80  9:47  Stalker x4  
  87  10:03  Probe x2  
  89  10:13  Extended Thermal Lance  
  89  10:15  Probe  
  89  10:18  Nexus  
  89  10:19  Probe  
  89  10:20  Pylon  
  91  10:25  Sentry x2  
  91  10:27  Probe  
  96  10:31  Probe  
  97  10:36  Zealot x2  
  97  10:39  Probe  
  97  10:42  Pylon  
  102  10:43  Pylon  
  102  10:57  Probe x2  
  102  11:02  Colossus x2 (Chrono Boost)  
  116  11:09  Probe  
  116  11:10  Probe  
  118  11:29  Pylon x2  
  118  11:31  Adept x4  
  118  11:32  Adept x2  
  130  11:41  Forge x2  
  130  12:05  Immortal x2 (Chrono Boost)  
  98  12:35  Stalker x5  
  98  12:36  Stalker  
  110  12:41  Immortal x2 (Chrono Boost)  
  97  13:03  Assimilator  
  97  13:04  Assimilator  
  79  13:06  Protoss Ground Weapons Level 1 (Chrono Boost), Stalker x6  
  79  13:07  Protoss Ground Armor Level 1 (Chrono Boost)  
  91  13:25  Immortal x2  
  99  13:36  Pylon  
  99  13:40  Pylon  
  99  13:45  Nexus  
  99  13:56  Charge  
  99  14:05  Immortal (Chrono Boost)  
  99  14:09  Immortal (Chrono Boost)  
  107  14:17  Assimilator, Zealot x6  
  107  14:20  Pylon  
  107  14:23  Assimilator  
  117  14:32  Gateway  
  117  14:34  Gateway  
  117  14:41  Immortal (Chrono Boost)  
  125  14:50  Stalker x6, Immortal (Chrono Boost)  
  110  15:15  Stalker x6  
  122  15:25  Immortal (Chrono Boost)  
  130  15:30  Immortal (Chrono Boost)  
  130  15:40  Zealot x8  
  146  16:03  Nexus  
  146  16:05  Pylon  
Show
View Real Time Build Order
Export as new Build Order

Smile Terran 

Build Orders: Reaper Expand, MMM Bio 

Get SALT Encoding   

  12  0:01  SCV  
  13  0:13  SCV  
  14  0:18  Supply Depot  
  14  0:26  SCV  
  15  0:40  SCV  
  15  0:41  Barracks  
  16  0:47  Refinery  
  16  0:53  SCV  
  17  1:05  SCV  
  18  1:18  SCV  
  19  1:30  Orbital Command, Reaper  
  20  1:42  Command Center  
  20  1:55  Supply Depot  
  20  1:56  SCV  
  21  2:02  Marine  
  22  2:10  Factory  
  22  2:12  SCV  
  23  2:19  Refinery  
  23  2:24  SCV, Barracks Reactor  
  24  2:36  SCV  
  25  2:48  SCV  
  25  2:51  Supply Depot  
  27  2:59  Widow Mine  
  27  3:00  Starport, SCV  
  27  3:01  Orbital Command  
  27  3:04  Marine x2  
  31  3:12  Bunker  
  31  3:22  SCV  
  31  3:24  Marine x2  
  34  3:28  Factory Tech Lab  
  34  3:30  SCV  
  35  3:40  Medivac  
  37  3:42  SCV  
  37  3:44  SCV  
  37  3:47  Marine x2  
  40  3:50  Siege Tank  
  40  3:53  Supply Depot  
  40  3:54  SCV  
  44  3:56  SCV  
  44  4:01  Supply Depot  
  45  4:06  SCV  
  45  4:07  Marine  
  45  4:08  Marine  
  48  4:10  SCV  
  48  4:16  Medivac  
  51  4:18  SCV  
  51  4:23  Barracks  
  52  4:24  Barracks  
  52  4:25  SCV  
  52  4:30  Siege Tank  
  56  4:32  Marine  
  56  4:33  Marine  
  56  4:36  SCV  
  59  4:42  SCV  
  59  4:43  Supply Depot  
  60  4:55  SCV  
  61  5:01  Marine x2  
  61  5:04  SCV  
  62  5:09  Siege Tank  
  62  5:14  SCV  
  58  5:15  Barracks Tech Lab  
  58  5:16  Barracks Tech Lab  
  58  5:18  Barracks  
  58  5:19  Barracks, Marine x2  
  60  5:26  Engineering Bay  
  60  5:30  SCV  
  60  5:34  Stimpack  
  60  5:35  Marine x2  
  63  5:36  Combat Shields  
  63  5:37  Marine x2  
  63  5:38  SCV  
  66  5:44  SCV  
  66  5:48  Refinery  
  67  5:50  Viking, SCV  
  67  5:52  Marine  
  67  5:53  Marine  
  67  5:57  SCV, Refinery  
  73  6:02  Supply Depot  
  73  6:03  SCV  
  74  6:05  Marine x2  
  74  6:10  Marine x2  
  78  6:18  Marine  
  77  6:24  Marine  
  79  6:26  SCV  
  79  6:29  SCV  
  81  6:38  SCV  
  81  6:41  Marine x2, SCV  
  84  6:49  Barracks Reactor x2  
  84  6:50  SCV  
  84  6:51  Marine, Starport Reactor  
  86  6:59  Siege Tank, SCV  
  90  7:02  SCV  
  91  7:08  Marine x2  
  91  7:11  SCV  
  94  7:25  Supply Depot  
  94  7:26  Marine x2  
  94  7:27  SCV, Marauder  
  99  7:32  SCV  
  99  7:35  Marine x2  
  98  7:43  SCV  
  94  7:45  Missile Turret  
  94  7:48  SCV  
  94  7:49  Missile Turret  
  91  7:55  SCV  
  92  8:00  SCV  
  91  8:07  SCV  
  91  8:09  Marine  
  91  8:10  Marauder  
  91  8:12  SCV  
  94  8:16  Siege Tank  
  94  8:19  SCV  
  93  8:21  Medivac  
  93  8:22  Medivac, Marine  
  93  8:23  Marauder  
  93  8:24  SCV  
  99  8:29  Marine x2  
  99  8:31  SCV, Marauder  
  99  8:32  Missile Turret  
  104  8:34  Marine x2  
  104  8:36  SCV  
  104  8:37  Command Center  
  107  8:44  Marauder  
  107  8:45  Terran Infantry Weapons Level 1  
  109  9:01  Marine  
  110  9:08  Marine, SCV  
  110  9:09  Marauder x2  
  116  9:11  Medivac  
  116  9:15  Engineering Bay  
  118  9:25  Marine  
  118  9:26  SCV  
  118  9:28  Medivac  
  118  9:30  Marine, Marauder  
  118  9:31  Marauder  
  118  9:33  SCV  
  108  9:43  Marine x3  
  108  9:44  Siege Tank  
  112  9:46  Marine  
  112  9:51  Marauder  
  111  9:53  Marauder  
  111  9:56  Orbital Command  
  111  9:57  Marine  
  97  10:12  Medivac  
  97  10:13  Medivac, Marauder  
  105  10:14  Marauder  
  105  10:24  SCV  
  105  10:29  SCV  
  106  10:36  SCV  
  106  10:37  Missile Turret  
  106  10:42  SCV  
  108  10:43  Marine x2  
  108  10:44  Marauder  
  112  10:55  SCV  
  113  10:57  Siege Tank  
  114  11:15  SCV x2  
  116  11:18  Marine  
  116  11:19  Marauder  
  116  11:24  Missile Turret  
  119  11:39  Marine x2, Marauder  
  123  11:41  SCV  
  123  11:43  Refinery  
  123  11:46  Marine  
  127  11:47  Marauder  
  106  12:29  Marine x3  
  100  12:38  Marauder  
  100  12:41  Marauder  
  92  13:02  Marauder  
  92  13:05  Orbital Command, Marine  
  89  13:06  Marauder  
  89  13:10  Terran Infantry Armor Level 1  
  89  13:11  Armory, SCV  
  93  13:14  Engineering Bay  
  93  13:19  Marine  
  94  13:20  Siege Tank  
  94  13:24  Marauder  
  94  13:25  Marine  
  100  13:29  SCV  
  101  13:47  Barracks Tech Lab  
  101  13:50  SCV  
  101  13:51  Marine  
  101  13:55  Marauder  
  101  13:56  SCV  
  101  14:00  SCV  
  101  14:02  SCV, Marauder  
  104  14:08  SCV  
  105  14:10  Marine, Marauder  
  105  14:12  SCV  
  109  14:47  Marine  
  109  14:48  Marauder  
  109  14:49  Marine  
  109  14:50  Marine x3  
  109  14:51  Siege Tank, Marauder  
  96  14:54  Liberator  
  86  15:04  Marine  
  69  15:07  Marine  
  69  15:08  Marine x2, Marauder  
  69  15:09  Marauder  
  69  15:11  Marine  
  74  15:22  Marine  
  74  15:23  Siege Tank  
  74  15:25  Marine x3  
  81  15:29  Marine  
  81  15:30  Marine, Marauder  
  81  15:34  Terran Vehicle Weapons Level 1  
  85  15:36  Supply Depot  
  85  15:43  Supply Depot x2  
  69  15:58  Marine x3  
  56  16:14  Marine  
Tags
 
Add a new tag
Caveats
  • Supply blocks, unpowered buildings, or Contaminate may cause inaccurate times.
  • Supply counts are checked every 10 seconds.